 Dungeon Crawl Stone Soup version 0.19.4-10-g532645f (webtiles) character file.

42 Patwa the Digger (level 3, -3/24 HPs)
             Began as a Vampire Earth Elementalist on Feb 24, 2017.
             Was a Follower of Jiyva.
             Slain by harcile's ghost (6 damage)
             ... on level 3 of the Dungeon.
             The game lasted 00:19:17 (2487 turns).

Patwa the Digger (Vampire Earth Elementalist)       Turns: 2487, Time: 00:19:17

Health: -3/24      AC:  5    Str:  8    XL:     3   Next: 33%
Magic:  6/6        EV: 12    Int: 17    God:    Jiyva [*.....]
Gold:   66         SH:  0    Dex: 14    Spells: 3 memorised, 0 levels left

rFire  . . .     SeeInvis +     u - +0 short sword
rCold  . . .     Gourm    .     g - +0 leather armour
rNeg   + . .     Faith    .     (no shield)
rPois  .         Spirit   .     (no helmet)
rElec  .         Reflect  .     (no cloak)
rCorr  .         Harm     .     y - +0 pair of gloves
MR     .....                    s - +0 pair of boots
Stlth  ++........               (no amulet)
                                (no ring)
                                (no ring)

@: no status effects
A: fangs 3, see invisible, unbreathing
a: Bat Form, Request Jelly, Renounce Religion


You were on level 3 of the Dungeon.
You worshipped Jiyva.
Jiyva was aware of your devotion.
You were not thirsty.

You visited 1 branch of the dungeon, and saw 3 of its levels.

You collected 66 gold pieces.

Inventory:

Hand Weapons
 f - a +0 dagger
 k - a +0 whip
 l - a +0 club
 o - a +0 club
 p - a +0 dagger
 q - a +0 dagger
 r - a +0 dagger
 t - a +0 hand axe
 u - a +0 short sword (weapon)
 w - a +0 club
 x - a +0 spear
Missiles
 b - 31 stones (quivered)
 v - 8 javelins
Armour
 c - a +0 robe
 g - a +0 leather armour (worn)
 n - a cursed +0 robe
 s - a +0 pair of boots (worn)
 y - a +0 pair of gloves (worn)
Scrolls
 i - 2 scrolls of identify {unknown}
 j - a scroll of random uselessness {unknown}
 m - a scroll of immolation {unknown}
Potions
 a - a potion of berserk rage {unknown}
 z - a potion of mutation {unknown}
Books
 e - a book of Geomancy

   Spells                             Type                      Level
   a - Sandblast                      Earth                        1
   b - Passwall                       Transmutation/Earth          2
   c - Stone Arrow                    Conjuration/Earth            3
   d - Petrify                        Transmutation/Earth          4
   e - Lee's Rapid Deconstruction     Earth                        5
Comestibles
 d - a meat ration
 h - 2 bread rations


   Skills:
 + Level 0.1 Fighting
 + Level 0.4 Short Blades
 + Level 0.8 Throwing
 + Level 0.7 Armour
 + Level 2.3 Dodging
 + Level 3.1 Stealth
 + Level 2.3 Spellcasting
 + Level 1.1 Transmutations
 + Level 3.4 Earth Magic


You couldn't memorise any spells.
You knew the following spells:

 Your Spells              Type           Power        Failure   Level  Hunger
a - Sandblast             Erth           ##....       10%         1    #......
b - Passwall              Tmut/Erth      #.........   17%         2    ###....
c - Stone Arrow           Conj/Erth      #.....       43%         3    ###....


Dungeon Overview and Level Annotations

Branches:
Dungeon (3/15)

Altars:
Makhleb
Nemelex Xobeh
Okawaru
Ru
Sif Muna
Vehumet
Jiyva

Annotations:
D:3 harcile's ghost, amateur HuFE


Innate Abilities, Weirdness & Mutations

You have razor-sharp teeth.
You have supernaturally acute eyesight. (SInv)
You can survive without breathing.


Message History

You continue drinking.
Harcile's ghost hits you!
You stop draining the corpse.
All the blood oozes out of the corpse!
Harcile's ghost closely misses you.
You miss harcile's ghost.
Harcile's ghost screams, "Don't try to defend!
You have no chance!"
Harcile's ghost hits you. Harcile's ghost hits you. Harcile's ghost hits you!
* * * LOW HITPOINT WARNING * * *
Your magical contamination has completely faded away.
Harcile's ghost barely misses you.
Harcile's ghost hits you but does no damage.
You fail to use your ability.
Harcile's ghost hits you.
* * * LOW HITPOINT WARNING * * *
Harcile's ghost whispers, "They're coming for you..."
Harcile's ghost is nearby!
There is a stone staircase leading up here.
Magic restored.
Harcile's ghost hits you.
You die...

#. #.........#.#.# #.
#.#######.#.#.#
######.##.#######.#.#.#
...................#....
######..#...###.###.####
##.###.# #....>.# #.#
#.# #.###..# #W# #.. ..#
.... #@# ####### #.##
#.# .# #.# .# #.# #.#
#.# #.# #.#


You could see harcile's ghost.

Vanquished Creatures
  An adder (D:2)
  A dart slug (D:1)
  2 leopard geckos (D:2)
  A bat (D:2)
  5 giant cockroaches
  4 goblins
  A hobgoblin (D:2)
  5 kobolds (D:1)
  2 frilled lizards
  2 rats
24 creatures vanquished.

Vanquished Creatures (others)
  An adder (D:2)
  A worm (D:2)
  A kobold (D:2)
  A rat (D:2)
4 creatures vanquished.

Grand Total: 28 creatures vanquished

Notes
Turn   | Place    | Note
-------+----------+-------------------------------------------
     0 | D:1      | Patwa the Vampire Earth Elementalist began the quest for the Orb.
     0 | D:1      | Reached XP level 1. HP: 13/13 MP: 3/3
   683 | D:1      | Reached XP level 2. HP: 10/19 MP: 5/5
  1171 | D:2      | Learned a level 2 spell: Passwall
  1294 | D:2      | Reached XP level 3. HP: 18/24 MP: 6/6
  1431 | D:2      | Found a faded altar of an unknown god.
  1431 | D:2      | Found a faded altar of an unknown god.
  1446 | D:2      | Found a burning altar of Makhleb.
  1454 | D:2      | Became a worshipper of Jiyva Joizies the Shapeless
  1454 | D:2      | Reached * piety under Jiyva
  1465 | D:2      | Found a radiant altar of Vehumet.
  1467 | D:2      | Found an iron altar of Okawaru.
  1628 | D:2      | Found a deep blue altar of Sif Muna.
  2265 | D:2      | Found a sparkling altar of Nemelex Xobeh.
  2370 | D:2      | Found a sacrificial altar of Ru.
  2407 | D:3      | Learned a level 3 spell: Stone Arrow
  2445 | D:3      | Noticed harcile's ghost (amateur HuFE)
  2464 | D:3      | HP: 1/24 [harcile's ghost (2)]
  2487 | D:3      | Slain by harcile's ghost

Action                   || total
-------------------------++-------
Melee: Dagger            ||    38
       Bite              ||     3
       Short sword       ||    41
       Hand axe          ||     6
Throw: Stone             ||    61
 Cast: Sandblast         ||    29
       Stone Arrow       ||     1
Invok: Request Jelly     ||     2
  Eat: Corpse            ||     8
Armor: Leather armour    ||    53
Dodge: Dodged            ||   103
